 Dungeon Crawl Stone Soup version 0.24-a0-173-gc15b636e9c (webtiles) character file.

Game seed: 2518613579205086118

39382 MrRokkomies the Carver (level 13, -8/169 HPs)
             Began as a Demigod Skald on Mar 12, 2019.
             Mangled by a molten gargoyle
             ... wielding a +0 mace
              (11 damage)
             ... on level 6 of the Lair of Beasts.
             The game lasted 01:28:38 (19207 turns).

MrRokkomies the Carver (Demigod Skald)             Turns: 19207, Time: 01:28:39

Health: -8/169     AC:  9    Str: 23    XL:     13   Next: 35%
Magic:  15/20      EV: 20    Int: 21    God:
Gold:   544        SH:  0    Dex: 21    Spells: 1/15 levels left

rFire    . . .     SeeInvis .   a - +1 scimitar
rCold    . . .     Gourm    .   (no shield)
rNeg     . . .     Faith    .   i - +0 robe {MR+}
rPois    .         Spirit   .   (no helmet)
rElec    .         Reflect  .   c - +0 cloak
rCorr    .         Harm     .   r - +0 pair of gloves
MR       ++...                  g - +0 pair of boots
Stlth    ..........             (no amulet)
HPRegen  0.38/turn              f - +4 ring of protection
MPRegen  0.17/turn              L - +6 ring of dexterity

@: berserking, infused, studying Air Magic, very quick
A: high mp 1
a: no special abilities


You were on level 6 of the Lair of Beasts.
You were not hungry.

You visited 2 branches of the dungeon, and saw 15 of its levels.
You also visited: Ice Cave.

You collected 804 gold pieces.
You spent 260 gold pieces at shops.

Inventory:

Hand Weapons
 a - a +1 scimitar (weapon)
 b - a +0 hand crossbow
 P - a +2 falchion of holy wrath
Missiles
 h - 62 poisoned needles
 y - 6 curare-tipped needles
 D - 37 bolts
 M - 2 javelins (quivered)
 O - 3 poisoned tomahawks
Armour
 c - a +0 cloak (worn)
 g - a +0 pair of boots (worn)
 i - a +0 robe of magic resistance (worn)
 r - a +0 pair of gloves (worn)
 B - a +0 leather armour
Magical Staves
 N - an uncursed staff of death
 S - an uncursed staff of air
Jewellery
 f - a +4 ring of protection (left hand)
 m - an uncursed ring of fire
 n - an uncursed ring of magical power
 x - an uncursed ring of resist corrosion
 L - a +6 ring of dexterity (right hand)
Wands
 l - a wand of random effects (13)
 A - a wand of enslavement (13)
 C - a wand of digging (1)
 K - a wand of flame (27)
 Q - a wand of iceblast (9)
Scrolls
 e - 3 scrolls of immolation
 j - 8 scrolls of identify
 t - 2 scrolls of magic mapping
 w - a scroll of remove curse
 H - 3 scrolls of enchant weapon
 I - 4 scrolls of amnesia
Potions
 k - a potion of agility
 o - a potion of cancellation
 p - 2 potions of brilliance
 u - 2 potions of mutation
 z - 2 potions of resistance
 F - 3 potions of curing
 J - 2 potions of ambrosia
 R - a potion of might
Books
 q - a manual of Air Magic
Miscellaneous
 G - a phial of floods
Comestibles
 d - 7 rations
 s - 2 chunks of flesh


   Skills:
 - Level 10.0 Fighting
 * Level 13.4 Long Blades
 * Level 9.8 Crossbows
 - Level 0.8 Armour
 - Level 9.0 Dodging
 - Level 1.7 Spellcasting
 - Level 4.3 Charms
 - Level 5.0 Evocations


You had one spell level left.
You knew the following spells:

 Your Spells              Type           Power        Failure   Level  Hunger
a - Infusion              Chrm           ###.         2%          1    #......
b - Shroud of Golubria    Chrm/Tloc      ##........   10%         2    ###....
c - Regeneration          Chrm/Necr      ##........   19%         3    ###....
d - Song of Slaying       Chrm           ###.....     3%          2    ###....
e - Spectral Weapon       Hex/Chrm       ##......     19%         3    ###....
f - Dazzling Spray        Conj/Hex       #.....       41%         3    ###....

Your spell library contained the following spells:

 Spells                   Type           Power        Failure   Level  Hunger
 Magic Dart               Conj           #...         16%         1    #......
 Summon Butterflies       Summ           #.......     16%         1    #......
 Summon Small Mammal      Summ           #...         16%         1    #......
 Searing Ray              Conj           #.....       22%         2    ###....
 Call Canine Familiar     Summ           #.......     41%         3    ###....
 Summon Guardian Golem    Hex/Summ       #.......     41%         3    ###....
 Force Lance              Conj/Tloc      #.......     83%         4    #####..
 Fulminant Prism          Conj/Hex       #.........   83%         4    #####..
 Iskenderun's Mystic Bla  Conj           #.......     83%         4    #####..
 Summon Ice Beast         Ice/Summ       #.......     83%         4    #####..
 Summon Mana Viper        Hex/Summ       #.......     99%         5    ######.
 Ozocubu's Refrigeration  Ice            #.........   100%        6    #######
 Spellforged Servitor     Conj/Summ      #.........   100%        7    #######
 Summon Hydra             Summ           #.........   100%        7    #######


Dungeon Overview and Level Annotations

Branches:
Dungeon (9/15)             Temple (0/1) D:7            Lair (6/6) D:9
  Swamp (0/4) Lair:3        Snake (0/4) Lair:3        Slime (0/5) Lair:6
    Orc: D:9-12

Shops:
D:7 (%?!?

Annotations:
D:3 2 transporters
Lair:2 3 runed translucent doors, grizmgrazm2's ghost, journeyman GnTm
Lair:6 2 runed translucent doors


Innate Abilities, Weirdness & Mutations

You have an increased reservoir of magic. (+10% MP)


Message History

The komodo dragon is almost dead.
The komodo dragon barely misses you.
You hit the komodo dragon.
The komodo dragon is almost dead.
The molten gargoyle closely misses you.
You slash the komodo dragon!
You kill the komodo dragon!
You hit the molten gargoyle but do no damage.
You slash the molten gargoyle!
The molten gargoyle is heavily damaged.
The molten gargoyle hits you with a +0 mace!
* * * LOW HITPOINT WARNING * * *
You are engulfed in flames!
* * * LOW HITPOINT WARNING * * *
You barely miss the molten gargoyle.
The molten gargoyle is heavily damaged.
You barely miss the molten gargoyle.
The molten gargoyle is heavily damaged.
The molten gargoyle hits you with a +0 mace!
You die...

### #.#.........## #§ #§
##...........##≈§ ≈§##
#8....#.......≈≈# §≈≈#
##.....#.....#≈§§≈
###≈≈##8....#≈.....#≈≈§§
§≈§≈≈≈###...≈≈...#.§†##≈
#§S≈#..#≈≈≈≈###≈.÷†#§
##9..≈≈≈..≈≈≈≈§§##).
#.†@#.≈§######≈≈#§..
#....###≈.##...:##≈≈§..
#8..†. #§§#.. .! #≈≈≈..
##.... ...+. #§≈§..
#..... ...+.... #≈§§..
#§..... §≈#.... #§≈§..
...(... ≈##... ##≈≈..§
≈...... #§######≈≈...§
≈≈≈≈≈≈≈≈≈≈..§§


You could see a molten gargoyle and a lava snake.

Vanquished Creatures
  Erolcha (D:9)
  3 hydras
  2 two-headed ogres
  A lindwurm (Lair:6)
  Pikel (D:4)
  2 manticores (Lair:3)
  Maurice (D:8)
  8 elephants
  2 black mambas
  An ice statue (IceCv)
  Joseph (D:8)
  Psyche (D:8)
  12 komodo dragons
  12 spiny frogs
  2 rime drakes
  A molten gargoyle (Lair:6)
  A kobold demonologist (D:6)
  5 ice devils
  A queen bee (Lair:3)
  2 polar bears
  Prince Ribbit (D:5)
  7 dream sheep (Lair:5)
  6 hippogriffs
  15 blink frogs
  4 wyverns
  8 basilisks
  18 yaks
  2 steam dragons
  3 nagas (Lair:3)
  3 wargs (D:9)
  Edmund (D:4)
  9 water moccasins
  3 hell hounds (Lair:6)
  6 porcupines
  2 ice beasts (D:6)
  2 orc warriors
  A phantom (D:6)
  A sky beast (D:8)
  7 ogres
  12 wolves
  3 centaurs (D:6)
  15 crocodiles
  5 big kobolds
  11 bullfrogs
  2 scorpions
  20 killer bees (Lair:3)
  A wight (D:8)
  5 howler monkeys
  2 electric eels
  2 centaur zombies
  3 lava snakes (Lair:6)
  A crimson imp (D:8)
  A bullfrog zombie (D:5)
  A centaur skeleton (D:8)
  4 hounds
  9 orc priests
  6 orc wizards
  2 iguanas
  A hell rat (Lair:3)
  5 worker ants
  A hound skeleton (D:4)
  A hound zombie (D:6)
  A worker ant zombie (D:6)
  2 gnolls (D:4)
  2 howler monkey skeletons
  9 adders
  3 oozes
  2 adder skeletons
  A dart slug (D:1)
  7 leopard geckos
  19 orcs
  4 ball pythons
  8 giant cockroaches
  8 goblins
  6 hobgoblins
  14 jackals
  5 quokkas
  6 bats
  2 frilled lizards
  A giant cockroach zombie (D:6)
  A jackal skeleton (D:4)
  26 kobolds
  A quokka zombie (D:6)
  11 rats
411 creatures vanquished.

Vanquished Creatures (collateral kills)
  A komodo dragon (Lair:6)
  A wyvern (Lair:6)
2 creatures vanquished.

Vanquished Creatures (others)
  2 wyverns (Lair:6)
  A black mamba (Lair:6)
  A komodo dragon (Lair:6)
  2 hippogriffs (Lair:6)
  A hell hound (Lair:6)
  An orc wizard (D:4)
  2 gnolls (D:4)
  2 rats (D:4)
  10 fungi
  11 plants
  A spectral weapon (Lair:6)
34 creatures vanquished.

Grand Total: 447 creatures vanquished

Notes
Turn   | Place    | Note
-------+----------+-------------------------------------------
     0 | D:1      | MrRokkomies the Demigod Skald began the quest for the Orb.
     0 | D:1      | Reached XP level 1. HP: 17/17 MP: 5/5
    81 | D:1      | Reached skill level 2 in Long Blades
    92 | D:1      | Reached XP level 2. HP: 20/24 MP: 0/7
   284 | D:1      | Found an iron altar of Okawaru.
   637 | D:1      | Reached XP level 3. HP: 25/29 MP: 8/8
   851 | D:2      | Learned a level 2 spell: Shroud of Golubria
   877 | D:2      | Reached skill level 3 in Long Blades
   966 | D:2      | Found a bloodstained altar of Trog.
  1145 | D:2      | Reached XP level 4. HP: 30/36 MP: 9/9
  1348 | D:3      | Found a transporter.
  1354 | D:3      | Noticed an ogre
  1357 | D:3      | Found a transporter.
  1364 | D:3      | Found a glowing silver altar of Zin.
  1457 | D:3      | Noticed an ogre
  1463 | D:3      | Killed an ogre
  1463 | D:3      | Reached XP level 5. HP: 41/41 MP: 6/10
  1663 | D:3      | Reached skill level 4 in Long Blades
  1941 | D:3      | Learned a level 3 spell: Regeneration
  1958 | D:4      | Noticed Edmund
  1982 | D:4      | Killed Edmund
  1982 | D:4      | Reached XP level 6. HP: 51/51 MP: 0/11
  2112 | D:4      | Reached skill level 5 in Long Blades
  2215 | D:4      | Found a sparkling altar of Nemelex Xobeh.
  2383 | D:4      | Found a sacrificial altar of Ru.
  2420 | D:4      | Noticed Pikel
  2425 | D:4      | Killed Pikel
  2425 | D:4      | Reached skill level 5 in Fighting
  2425 | D:4      | Reached skill level 6 in Long Blades
  2425 | D:4      | Reached XP level 7. HP: 39/61 MP: 12/12
  2747 | D:4      | Reached XP level 8. HP: 69/69 MP: 13/13
  2751 | D:4      | Learned a level 2 spell: Song of Slaying
  3077 | D:5      | Entered Level 5 of the Dungeon
  3079 | D:5      | Noticed Prince Ribbit
  3123 | D:5      | Killed Prince Ribbit
  3123 | D:5      | Reached skill level 7 in Long Blades
  3339 | D:5      | Found a deep blue altar of Sif Muna.
  3870 | D:6      | HP: 1/70 [centaur (7)]
  4521 | D:6      | Found a shimmering altar of Xom.
  4521 | D:6      | Found a hazy altar of Hepliaklqana.
  4522 | D:6      | Found an opulent altar of Gozag.
  4545 | D:6      | You fall through a shaft for 2 floors!
  4600 | D:8      | Noticed a two-headed ogre
  4810 | D:7      | Found a staircase to the Ecumenical Temple.
  4819 | D:7      | Found Hagorph's Antique Weapon Shop.
  4835 | D:7      | Bought a scimitar for 128 gold pieces
  5136 | D:6      | Noticed a kobold demonologist
  5141 | D:6      | Noticed a rust devil
  5146 | D:6      | Killed a kobold demonologist
  5146 | D:6      | Reached skill level 8 in Long Blades
  5146 | D:6      | Reached XP level 9. HP: 45/79 MP: 14/14
  5739 | D:7      | Found Juocolao's Magic Scroll Shop.
  5745 | D:7      | Bought a scroll of remove curse for 36 gold pieces
  5751 | D:7      | Found Woquug's Magic Scroll Boutique.
  5783 | D:7      | Found Yhanayve's Food Shoppe.
  5785 | D:7      | Found a burning altar of Makhleb.
  6109 | D:7      | Found Plog's Distillery.
  6112 | D:7      | Bought a potion of heal wounds for 60 gold pieces
  6241 | D:8      | Killed a two-headed ogre
  6241 | D:8      | Reached skill level 9 in Long Blades
  6416 | D:8      | Learned a level 3 spell: Spectral Weapon
  6456 | D:8      | Noticed Maurice
  6503 | D:8      | Killed Maurice
  6542 | D:8      | Noticed Psyche
  6566 | D:8      | Killed Psyche
  6566 | D:8      | Reached XP level 10. HP: 54/91 MP: 7/15
  6891 | D:8      | Noticed Joseph
  6908 | D:8      | Killed Joseph
  6908 | D:8      | Reached skill level 10 in Long Blades
  7546 | D:9      | Reached skill level 10 in Fighting
  7685 | D:9      | Found a staircase to the Lair.
  7806 | D:9      | Noticed a two-headed ogre
  7816 | D:9      | Killed a two-headed ogre
  8028 | D:9      | Reached skill level 11 in Long Blades
  8277 | D:9      | Noticed Erolcha
  8290 | D:9      | Killed Erolcha
  8746 | Lair:1   | Entered Level 1 of the Lair of Beasts
  8864 | Lair:1   | Reached skill level 1 in Evocations
  8942 | Lair:1   | Reached skill level 5 in Dodging
  8942 | Lair:1   | Reached XP level 11. HP: 68/99 MP: 11/17
 10640 | D:7      | Bought a scroll of remove curse for 36 gold pieces
 10992 | Lair:2   | Found a runed translucent gate.
 10993 | Lair:2   | Found a runed translucent gate.
 10994 | Lair:2   | Found a runed translucent gate.
 11052 | Lair:2   | Found a viscous altar of Jiyva.
 11052 | Lair:2   | Noticed grizmgrazm2's ghost (journeyman GnTm)
 11250 | Lair:2   | Noticed a death ooze
 11317 | Lair:3   | Reached skill level 5 in Evocations
 11391 | Lair:3   | Reached skill level 1 in Crossbows
 11686 | Lair:3   | HP: 4/99 [ice devil (16)]
 11691 | Lair:3   | Found a frozen archway.
 11711 | IceCv    | Entered an ice cave
 12927 | Lair:3   | Found a staircase to the Swamp.
 13221 | Lair:3   | Noticed a five-headed hydra
 13225 | Lair:3   | Killed a five-headed hydra
 13225 | Lair:3   | Reached XP level 12. HP: 91/106 MP: 4/19
 13394 | Lair:3   | Found a staircase to the Snake Pit.
 13411 | Lair:3   | Reached skill level 5 in Crossbows
 13813 | Lair:3   | Identified the Almanac of the Glacier and Creation
 13819 | Lair:3   | Learned a level 3 spell: Dazzling Spray
 14834 | Lair:4   | Noticed a seven-headed hydra
 14839 | Lair:4   | Killed a seven-headed hydra
 14839 | Lair:4   | Reached skill level 12 in Long Blades
 14871 | Lair:4   | Noticed a seven-headed hydra
 14879 | Lair:4   | Killed a seven-headed hydra
 16797 | Lair:5   | Reached XP level 13. HP: 65/113 MP: 20/20
 17313 | Lair:6   | Entered Level 6 of the Lair of Beasts
 17648 | Lair:6   | Found a viscous altar of Jiyva.
 17648 | Lair:6   | Found a staircase to the Slime Pits.
 17803 | Lair:6   | Reached skill level 13 in Long Blades
 18848 | Lair:6   | Found a large runed translucent door.
 19173 | Lair:6   | Found a large runed translucent door.
 19205 | Lair:6   | HP: 3/169 [molten gargoyle/+0 mace (13)]
 19207 | Lair:6   | Mangled by a molten gargoyle

Levels and vault maps discovered:
D:1:      kennysheep_arrival_seaside, layout_basic, okawaru_ov_weapons_minmay
D:2:      layout_basic, nicolae_overflow_crystal_walls
D:3:      layout_basic, gammafunk_temple_overflow_arena, first_ration,
          minmay_unequal
D:4:      layout_basic, nicolae_ru_great_annihilating_truth,
          nemelex_xobeh_ov_fountains_minmay, serial_corexii_hall,
          chequers_hall_statues_wall_a, chequers_hall_statues_wall_a,
          portal_sewer_entry_b, uniq_pikel, uniq_edmund
D:5:      layout_rooms, basic_altar, uniq_prince_ribbit1
D:6:      layout_cave_pools, gammafunk_temple_overflow_forgotten,
          hangedman_abyss_or_decor_slice, corexii_leaking_fountain,
          minmay_manual_mess
D:7:      layout_rooms, old_standard_altar, minmay_temple_entry_tees,
          serial_shops, shop, nicolae_shop_trees, shop, nicolae_shop_crystal,
          kennysheep_mini
D:8:      minmay_distorted_concentric_squares, layout_loops_ring, uniq_joseph,
          uniq_maurice, uniq_psyche
D:9:      layout_layer_cave, erik_lair_orcish_takeover, uniq_erolcha
Lair:1:   layout_roguey, infiniplex_staircase_pool_2
Lair:2:   layout_regular_city, gammafunk_ghost_ooze
Lair:3:   regret_index_wax_grids, layout_small_grid, swamp_mist_pool,
          guppyfry_snake_entry_garden, portal_ice_cave_demonic_guard,
          serial_bayou_pond_e
Lair:4:   layout_hall_layers, st_stairs_7, nicolae_quartered_pool_medium,
          grunt_megastairs_1
Lair:5:   layout_roguey, lemuel_fruit_fields, infiniplex_staircase_pool
Lair:6:   cheibrodos_lair_end_hotspot, layout_regular_city, slime_altar_1
IceCv:    ice_cave_tombish

Skill      XL: |  1  2  3  4  5  6  7  8  9 10 11 12 13 |
---------------+----------------------------------------+-----
Long Blades    | 2 3 4 6 8 9 11 12 13 | 13.4
Charms         | 3 4 |  4.3
Fighting       | 3 5 7 9 10 | 10.0
Dodging        | 5 8 9 |  9.0
Evocations     | 2 5 |  5.0
Crossbows      | 4 8 9 |  9.8
Armour         | |  0.8
Spellcasting   | |  1.7

Action                   |  1- 3 |  4- 6 |  7- 9 | 10-12 | 13-15 || total
-------------------------+-------+-------+-------+-------+-------++-------
Melee: Falchion          |    97 |   182 |   130 |       |       ||   409
       Dagger            |    10 |       |       |       |       ||    10
       Scimitar          |       |       |   175 |   838 |   225 ||  1238
 Fire: Hand crossbow     |       |       |       |    63 |    31 ||    94
Throw: Javelin           |       |     6 |    13 |    47 |     3 ||    69
       Tomahawk          |       |       |     3 |     1 |       ||     4
 Cast: Infusion          |     7 |    12 |    19 |    69 |    16 ||   123
       Shroud of Golubri |     1 |     9 |    18 |    49 |    16 ||    93
       Regeneration      |       |       |     5 |    42 |    23 ||    70
       Song of Slaying   |       |       |     3 |    10 |     3 ||    16
       Spectral Weapon   |       |       |       |       |     1 ||     1
Evoke: Wand              |       |     2 |     4 |    50 |    17 ||    73
  Use: Scroll            |     6 |     2 |     9 |    16 |     2 ||    35
       Potion            |       |     2 |     4 |    11 |     2 ||    19
 Stab: Paralysed         |       |     1 |       |       |       ||     1
       Sleeping          |       |       |     1 |       |       ||     1
       Distracted        |       |       |       |     1 |       ||     1
  Eat: Chunk             |     1 |     6 |     6 |    25 |    10 ||    48
       Ration            |       |       |     3 |     6 |     1 ||    10
Armor: Leather armour    |    49 |    62 |    69 |       |       ||   180
       Skin              |       |    14 |       |    10 |       ||    24
       Robe              |       |       |       |   159 |    54 ||   213
Dodge: Dodged            |    82 |   141 |   186 |   652 |   216 ||  1277
       Rpst.: Falchion   |    25 |    45 |    23 |       |       ||    93
       Scimitar          |       |       |    21 |   187 |    64 ||   272

Table legend:
 A = Non-vault XP
 B = Vault XP
 C = Vault XP percentage of total XP
 D = Non-vault monster count
 E = Vault monster count
 F = Vault count percentage of total count
                 A         B        C        D         E       F
            +---------+---------+-------+---------+---------+-------
      Total |   35531 |   20730 |  36.8 |     306 |     111 |  26.6
            +---------+---------+-------+---------+---------+-------
        D:1 |      48 |       0 |   0.0 |      25 |       0 |   0.0
        D:2 |      73 |       0 |   0.0 |      22 |       0 |   0.0
        D:3 |     103 |     140 |  57.6 |      19 |       3 |  13.6
        D:4 |     552 |     838 |  60.3 |      24 |      11 |  31.4
        D:5 |      93 |     274 |  74.7 |       5 |       1 |  16.7
        D:6 |    1019 |     441 |  30.2 |      16 |       6 |  27.3
        D:7 |     697 |       0 |   0.0 |      14 |       0 |   0.0
        D:8 |    1456 |    2407 |  62.3 |      16 |       8 |  33.3
        D:9 |    2268 |    1608 |  41.5 |      43 |       9 |  17.3
     Lair:1 |    2210 |       0 |   0.0 |       8 |       0 |   0.0
     Lair:2 |    3618 |       0 |   0.0 |      16 |       0 |   0.0
     Lair:3 |    7834 |    6974 |  47.1 |      30 |      43 |  58.9
     Lair:4 |    3874 |    1919 |  33.1 |      17 |       5 |  22.7
     Lair:5 |    6406 |     181 |   2.7 |      26 |       1 |   3.7
     Lair:6 |    5280 |    4520 |  46.1 |      25 |      20 |  44.4
      IceCv |       0 |    1428 | 100.0 |       0 |       4 | 100.0
            +---------+---------+-------+---------+---------+-------
